 Dungeon Crawl Stone Soup version 0.32-a0-981-g384da2ce10 (webtiles) character file.

Game seed: 17479994674925502823

280 Chago123 the Chopper (level 6, -1/52 HPs)
             Began as a Mountain Dwarf Fighter on Apr 20, 2024.
             Was a Follower of Elyvilon.
             Succumbed to a gnoll's poison
             ... on level 4 of the Dungeon.
             The game lasted 00:04:01 (2784 turns).

Chago123 the Chopper (Mountain Dwarf Fighter)       Turns: 2784, Time: 00:04:02

Health: -1/52      AC:  8    Str: 18    XL:     6   Next: 5%
Magic:  6/6        EV:  8    Int:  9    God:    Elyvilon [*.....]
Gold:   256        SH:  4    Dex: 11    Spells: 5/5 levels left

rFire   . . .        a - +0 war axe
rCold   . . .        c - +0 buckler
rNeg    . . .        b - +0 scale mail
rPois   .            (no helmet)
rElec   .            e - +0 cloak
rCorr   .            (no gloves)
SInv    .            (no boots)
Will    .....        (no amulet) Stlth
                     (no ring)
HPRegen 0.28/turn    (no ring)
MPRegen 0.10/turn

%: no passive effects
@: lethally poisoned (-1 -> -27)
A: runic magic, artefact enchanting
a: Renounce Religion, Purification


You were on level 4 of the Dungeon.
You worshipped Elyvilon.
Elyvilon was aware of your devotion.
You visited 2 branches of the dungeon, and saw 5 of its levels.

You collected 256 gold pieces.

Inventory:

Hand Weapons
 a - a +0 war axe (weapon)
Armour
 b - a +0 scale mail (worn)
 c - a +0 buckler (worn)
 e - a +0 cloak (worn)
Jewellery
 p - a ring of see invisible
 q - a ring of positive energy
 r - a ring of wizardry
Scrolls
 f - 4 scrolls of teleportation {unknown}
 l - a scroll of fear {unknown}
 m - a scroll of torment {unknown}
 n - 2 scrolls of identify {unknown}
 o - 2 scrolls of amnesia {unknown}
Potions
 d - a potion of might
 g - 3 potions of cancellation {unknown}
 h - a potion of degeneration {unknown}
 i - 2 potions of heal wounds {unknown}
 j - 2 potions of curing {unknown}
 k - a potion of brilliance {unknown}


   Skills:
 + Level 3.8 Fighting
 + Level 5.9 Axes
 + Level 4.4 Armour
 + Level 0.5 Dodging
 + Level 4.0 Shields


You had 5 spell levels left.
You didn't know any spells.
Your spell library contained the following spells:

 Spells                   Type           Power      Damage    Failure   Level
 Sting                    Conj/Alch      0%         1d3       56%         1
 Mercury Vapours          Alch/Air       0%         N/A       71%         2
 Inner Flame              Hex/Fire       0%         N/A       90%         3
 Flame Wave               Conj/Fire      0%         2d4       100%        4
 Olgreb's Toxic Radiance  Alch           0%         N/A       100%        4
 Sticky Flame             Fire/Alch      0%         2d4       100%        4


Dungeon Overview and Level Annotations

Branches:
Dungeon (4/15)             Temple (1/1) D:4

Altars:
Ashenzari
Cheibriados
Dithmenos
Elyvilon
Fedhas
Gozag
Hepliaklqana
Kikubaaqudgha
Makhleb
Nemelex Xobeh
Okawaru
Qazlal
Ru
Sif Muna
Trog
Uskayaw
Vehumet
Wu Jian
Xom
Yredelemnul
Zin
The Shining One

Annotations:
D:4 1 runed translucent door, D0namaru's ghost, amateur DsGl


Innate Abilities, Weirdness & Mutations

Your spellcasting is much less encumbered by armour.
You can use scrolls of enchantment on lesser artefacts.


Message History

No target in view!
You open the door. 2 gnolls come into view.
A gnoll is wielding a +1 halberd of venom.
The gnoll shouts!
You hear a shout!
A ball python comes into view.
A gnoll comes into view. It is wielding a +0 club.
The gnoll closely misses you.
A kobold comes into view. It is wielding a +0 club.
The gnoll barely misses you. The gnoll closely misses you.
The ball python bites you.
There is an open door here.
Unknown command.
You closely miss the gnoll. You hit the gnoll but do no damage.
You closely miss the ball python. The gnoll barely misses you.
The gnoll hits you with a +1 halberd of venom.
You block the ball python's attack. The ball python barely misses you.
You slash the gnoll!
The gnoll is severely wounded.
You barely miss the gnoll. You barely miss the ball python.
You block the ball python's attack. The ball python completely misses you.
The gnoll hits you with a +0 halberd. You block the gnoll's attack.
The ball python barely misses you. The ball python grabs you.
The ball python constricts you.
The gnoll hits you with a +1 halberd of venom.
The gnoll hits you with a +0 halberd.
Unknown command.
The ball python's grasp on you weakens, but your attempt to escape fails.
The ball python bites you but does no damage.
The ball python constricts you. The gnoll hits you with a +0 halberd!
The gnoll hits you with a +1 halberd of venom.
You are poisoned.
You escape the ball python's grasp.
You feel very sick.
The gnoll hits you from afar with a +1 halberd of venom.
* * * LOW HITPOINT WARNING * * *
You are more poisoned.
The gnoll hits you from afar with a +0 halberd.
* * * LOW HITPOINT WARNING * * *
You die...

#..# #####.###
#####..####........
#..................
#..................
##+##.....######.###.##
#..g#............# #.#
♣g'.....######.# #.#
#.gS#...########.# #.#
######K##.@........#.###.#
#.#.##. #######.###...##.#
#...#. #..####.# #.#...[#
#.#.#. #.......###...#####
#.### #.######...#.## #..
#.#### #.### ##.##.# #..
#.##.# ##...## #.##.# #..
#.##.###.....## #.##.####..
#.............###.....<....


You could see 2 gnolls.

Vanquished Creatures
  A hound (D:4)
  A bombardier beetle (D:3)
  A sleepcap (D:4)
  Terence (D:2)
  6 adders
  4 gnolls (D:3)
  A white imp (D:4)
  A ribbon worm (D:2)
  2 orcs
  4 bats
  7 endoplasms
  2 giant cockroaches (D:2)
  4 goblins
  5 hobgoblins
  2 jackals (D:1)
  10 kobolds
  2 quokkas
  8 ball pythons
  6 frilled lizards
  4 rats
72 creatures vanquished.

Notes
Turn   | Place    | Note
-------+----------+-------------------------------------------
     0 | D:1      | Chago123 the Mountain Dwarf Fighter began the quest for the
                  | Orb.
     0 | D:1      | Reached XP level 1. HP: 19/19 MP: 1/1
   352 | D:1      | Reached XP level 2. HP: 25/26 MP: 2/2
   862 | D:2      | Reached skill level 3 in Axes
   862 | D:2      | Reached XP level 3. HP: 28/31 MP: 3/3
   905 | D:2      | Noticed Terence
   914 | D:2      | Killed Terence
   928 | D:2      | Reached skill level 4 in Axes
  1002 | D:2      | Reached XP level 4. HP: 33/38 MP: 4/4
  1434 | D:3      | Reached XP level 5. HP: 32/46 MP: 5/5
  1448 | D:3      | Reached skill level 5 in Axes
  1534 | D:3      | Found a faded altar of an unknown god.
  1666 | D:3      | Found an ancient bone altar of Kikubaaqudgha.
  2197 | D:4      | Found a staircase to the Ecumenical Temple.
  2248 | Temple   | Entered the Ecumenical Temple
  2315 | Temple   | Became a worshipper of Elyvilon the Healer
  2418 | D:4      | Found an opulent altar of Gozag.
  2579 | D:4      | Reached XP level 6. HP: 51/52 MP: 6/6
  2597 | D:4      | Noticed D0namaru's ghost (amateur DsGl)
  2600 | D:4      | Found a runed translucent door.
  2628 | D:4      | Reached * piety under Elyvilon
  2784 | D:4      | Succumbed to a gnoll's poison

Illustrated notes

Levels and vault maps discovered:
D:1:      saegor_arrival_simple_a, layout_basic, serial_curves, eino_curves_03,
          eino_curves_02, serial_park_tiny_1
D:2:      layout_rooms, uniq_terence
D:3:      layout_loops_corners, kiku_gazebo_garden_becter,
          chequers_ecumenical_altar_simple
D:4:      layout_loops_ring, grunt_gozag_statues, minmay_temple_entry_waves,
          hellmonk_ghost_happy_afterlife, chequers_arboretum,
          minmay_misc_feat_columns, corner_web_ring, grunt_ministairs_5
Temple:   mainiacjoe_temple_cubbyholes

Skill      XL: |  1  2  3  4  5 |
---------------+----------------+-----
Axes           | 3 4 5 |  5.9
Armour         | 4 |  4.4
Shields        | 4 |  4.0
Fighting       | |  3.8
Dodging        | |  0.5

Action                     |  1- 3 |  4- 6 || total
---------------------------+-------+-------++-------
  Melee: War axe           |    82 |   119 ||   201
 Armour: Scale mail        |    68 |   102 ||   170
  Dodge: Dodged            |    42 |    61 ||   103
  Block: Buckler           |    27 |    38 ||    65

Table legend: (Time is in decaauts)
 A = Elapsed time spent in this place.
 B = Non-inter-level travel time spent in this place.
 C = Inter-level travel time spent in this place.
 D = Time resting spent in this place.
 E = Time spent auto-exploring this place.
 F = Levels seen in this place.
 G = Mean time per level.
                   A        B        C        D        E       F      G
               +--------+--------+--------+--------+--------+-----+--------+
         Total |   2850 |   2645 |    205 |      0 |   2062 |   5 |  570.0 |
       Dungeon |   2728 |   2579 |    149 |      0 |   2062 |   4 |  682.0 |
        Temple |    122 |     67 |     55 |      0 |      0 |   1 |  122.0 |
               +--------+--------+--------+--------+--------+-----+--------+

Top non-repeatable levels by time:
     D:1: 841 daAuts
     D:3: 834 daAuts
     D:2: 537 daAuts
     D:4: 514 daAuts
  Temple: 122 daAuts
